 Dungeon Crawl Stone Soup version 0.28.0 (webtiles) character file.

Game seed: 12857719620961905948

6 FrozenHourglass the Shield-Bearer (level 1, 0/13 HPs)
             Began as a Deep Elf Fighter on Feb 12, 2022.
             Slain by a kobold (5 damage)
             ... on level 1 of the Dungeon.
             The game lasted 00:01:02 (650 turns).

FrozenHourglass the Shield-Bearer (Deep Elf Fighter) Turns: 650, Time: 00:01:03

Health: 0/13       AC:  6    Str: 13    XL:     1   Next: 75%
Magic:  3/3        EV:  5    Int: 12    God:
Gold:   0          SH:  4    Dex: 14    Spells: 0/0 levels left

rFire   . . .      SeeInvis .   a - +0 rapier
rCold   . . .      Faith    .   c - +0 buckler
rNeg    . . .      Spirit   .   b - +0 scale mail
rPois   .          Reflect  .   (no helmet)
rElec   .          Harm     .   (no cloak)
rCorr   .          Rampage  .   (no gloves)
Will    .....                   (no boots)
Stlth   ..........              (no amulet)
HPRegen 0.04/turn               (no ring)
MPRegen 0.08/turn               (no ring)

@: constricted
A: no striking features
a: no special abilities


You were on level 1 of the Dungeon.
You visited 1 branch of the dungeon, and saw 1 of its levels.

Inventory:

Hand Weapons
 a - a +0 rapier (weapon)
Armour
 b - a +0 scale mail (worn)
 c - a +0 buckler (worn)
Potions
 d - a potion of might
 e - a potion of heal wounds {unknown}
 f - a potion of haste {unknown}


   Skills:
 + Level 2.5 Fighting
 + Level 2.1 Short Blades
 - Level 2.4 Armour
 + Level 0.6 Dodging
 + Level 2.5 Shields


You couldn't memorise any spells.
You didn't know any spells.
Your spell library was empty.

Dungeon Overview and Level Annotations

Branches:
Dungeon (1/15)

Altars:

Shops:
D:1 !


Message History

A ball python comes into view.
There are monsters nearby!
You barely miss the ball python.
The ball python hisses angrily.
You hear a shout!
You block the ball python's attack. The ball python grabs you.
The ball python constricts you.
An endoplasm comes into view.
You escape the ball python's grasp.
You hit the ball python.
You kill the ball python!
A kobold comes into view. It is wielding a +0 whip.
You hit the goblin but do no damage. The goblin closely misses you.
You hit the goblin.
You kill the goblin!
You closely miss the kobold. The ball python barely misses you.
The ball python closely misses you. The kobold hits you with a +0 whip.
You closely miss the kobold.
The ball python bites you but does no damage.
The ball python grabs you. The ball python constricts you.
The kobold hits you but does no damage.
The ball python bites you but does no damage.
The ball python constricts you.
You closely miss the kobold.
The ball python bites you but does no damage.
The ball python constricts you. The kobold hits you but does no damage.
You barely miss the kobold. The ball python barely misses you.
The ball python constricts you. The kobold hits you but does no damage.
The ball python bites you. The ball python constricts you.
You hit the kobold but do no damage. The kobold hits you but does no damage.
The ball python barely misses you. The ball python constricts you.
You hit the kobold.
The kobold is severely wounded.
The ball python barely misses you. The ball python constricts you.
The kobold hits you but does no damage.
You closely miss the kobold.
The kobold is severely wounded.
You block the ball python's attack. The ball python constricts you.
The kobold hits you with a +0 whip. The ball python barely misses you.
The ball python constricts you. The kobold hits you with a +0 whip.
You die...

#### ## ## #.##. #J
#.##. #. #.# .##!# # #.#
...S # ## #.# #..##.# .#
##.##.# #.....# #
..####...#.###.#####...#
..+...........JS@K......
..####...#.#########...#
.## ##. #.# #
##########.## #
#.........# #.####....#
#.#.......# #.#.##..#.#
###.#.##..#.#


You could see an endoplasm, a ball python and a kobold.

Vanquished Creatures
  3 ball pythons (D:1)
  A goblin (D:1)
  A frilled lizard (D:1)
  A kobold (D:1)
  A rat (D:1)
7 creatures vanquished.

Notes
Turn   | Place    | Note
-------+----------+-------------------------------------------
     0 | D:1      | FrozenHourglass the Deep Elf Fighter began the quest for
                  | the Orb.
     0 | D:1      | Reached XP level 1. HP: 13/13 MP: 3/3
   596 | D:1      | Found Geza's Distillery.
   650 | D:1      | Slain by a kobold

Illustrated notes

Levels and vault maps discovered:
D:1:      heliophobic_arrival_ceremonial_halls, layout_loops_corners,
          serial_shops, nicolae_shop_hallway_stairs, minmay_pentomino_r4

Action                   || total
-------------------------++-------
Melee: Rapier            ||    34
Armor: Scale mail        ||    14
Dodge: Dodged            ||    13
Block: Buckler           ||     9
